 Dungeon Crawl Stone Soup version 0.31-a0-214-gb37851dbb3 (webtiles) character file.

Game seed: 11723425388271283763

30211 qw the Marksminotaur (level 13, -4/122 HPs)
             Began as a Minotaur Hexslinger on July 1, 2023.
             Was an Elder of Okawaru.
             Slain by a torpor snail (12 damage)
             ... on level 5 of the Lair of Beasts.
             The game lasted 00:05:10 (10036 turns).

qw the Marksminotaur (Minotaur Hexslinger)         Turns: 10036, Time: 00:05:11

Health: -4/122     AC: 13    Str: 13    XL:     13   Next: 19%
Magic:  16/18      EV: 22    Int:  8    God:    Okawaru [****..]
Gold:   622        SH:  0    Dex: 24    Spells: 13/14 levels left

rFire   . . .        Y - +7 orcbow (drain)
rCold   . . .        (shield currently unavailable)
rNeg    + . .        i - +0 ring mail
rPois   .            k - +2 hat
rElec   .            g - +0 cloak of Xorueho {rN+ Int-2 SInv Stlth+}
rCorr   .            (no gloves)
SInv    +            a - +1 pair of boots
Will    +....        (no amulet)
Stlth   ++++         h - +6 ring of dexterity
HPRegen 0.40/turn    c - ring of willpower
MPRegen 0.16/turn

%: no passive effects
@: about to teleport, heroic, slowed, very slow
A: horns 2, retaliatory headbutt
a: Renounce Religion, Heroism, Finesse


You were on level 5 of the Lair of Beasts.
You worshipped Okawaru.
Okawaru was greatly pleased with you.
You visited 3 branches of the dungeon, and saw 15 of its levels.
You also visited: Sewer.

You collected 622 gold pieces.


Innate Abilities, Weirdness & Mutations

You have a pair of horns on your head.
You reflexively headbutt those who attack you in melee.


   Skills:
 - Level 13.0(18.0) Fighting
 - Level 16.0(21.0) Ranged Weapons
 + Level 6.8(11.8) Armour
 - Level 10.0(15.0) Dodging
 - Level 1.0 Spellcasting
 - Level 2.0 Hexes
 + Level 8.7 Invocations


You had 13 spell levels left.
You knew the following spells:

 Your Spells              Type           Power      Damage    Failure   Level
a - Slow                  Hex            12%        N/A       30%         1

Your spell library contained the following spells:

 Spells                   Type           Power      Damage    Failure   Level
 Inner Flame              Hex/Fire       2%         N/A       80%         3
 Portal Projectile        Hex/Tloc       4%         N/A       80%         3
 Cause Fear               Hex            1%         N/A       97%         4

Inventory:

Hand Weapons
 Y - a +7 orcbow of draining (weapon)
Armour
 a - a +1 pair of boots (worn)
 g - the +0 cloak of Xorueho (worn) {rN+ Int-2 SInv Stlth+}
   (You found it on level 6 of the Dungeon)

   Int:       It affects your intelligence (-2).
   rN:        It protects you from negative energy.
   SInv:      It lets you see invisible.
   Stlth:     It makes you more stealthy.
 i - a +0 ring mail (worn)
 k - a +2 hat (worn)
Jewellery
 c - a ring of willpower (right hand)
 d - a +6 ring of strength
 f - a ring of see invisible
 h - a +6 ring of dexterity (left hand)
Scrolls
 b - 6 scrolls of identify
 o - a scroll of teleportation
 q - a scroll of amnesia {unknown}
Potions
 e - 2 potions of curing
 j - 2 potions of enlightenment
 l - a potion of cancellation
 m - 2 potions of might
 p - a potion of mutation

Dungeon Overview and Level Annotations

Branches:
Dungeon (9/15)             Temple (1/1) D:7            Lair (5/5) D:9
 Shoals (0/4) Lair:2       Spider (0/4) Lair:3        Slime (0/5) Lair:4
  Sewer (visited)
    Orc: D:9-12

Altars:
Ashenzari
Cheibriados
Dithmenos
Elyvilon
Fedhas
Gozag
Kikubaaqudgha
Makhleb
Nemelex Xobeh
Okawaru
Qazlal
Ru
Trog
Uskayaw
Vehumet
Wu Jian
Xom
Yredelemnul
Zin
The Shining One
Jiyva

Annotations:
D:5 1 runed translucent door, Crazy Yiuf


Message History

The yak is severely wounded.
The yak gores you but does no damage. The yak closely misses you.
The yak misses you. You furiously retaliate!
You headbutt the yak! The yak completely misses you.
The torpor snail bites you.
You shoot an arrow. The arrow hits the yak!
You kill the yak!
Okawaru accepts your kill.
The yak completely misses you. x2; You furiously retaliate!
You headbutt the yak. The yak closely misses you.
The torpor snail barely misses you. The yak barely misses you.
The yak gores you but does no damage.
You shoot an arrow. The arrow hits the yak!
The yak is severely wounded.
The yak completely misses you. You furiously retaliate!
You headbutt the yak. The yak gores you but does no damage. The yak gores you!
The yak completely misses you. The torpor snail bites you.
You shoot an arrow. The arrow hits the yak.
The yak is severely wounded.
You feel like a meek peon again. The yak gores you. The yak barely misses you.
You furiously retaliate!
You headbutt the yak. The yak barely misses you. The yak gores you.
10034 ||| INVOKING Heroism.
You gain the combat prowess of a mighty hero.
You can no longer enter into single combat with a foe.
Okawaru will no longer gift you equipment.
The yak gores you but does no damage. The yak completely misses you.
The torpor snail bites you! The yak gores you. The yak closely misses you.
You furiously retaliate!
You headbutt the yak. You shoot an arrow. The arrow hits the yak!!
You kill the yak!
Okawaru accepts your kill. The yak closely misses you.
The yak completely misses you. You furiously retaliate!
You headbutt the yak! The yak gores you!
The dream sheep ruffles its wool and motes of dream dust sparkle, to no effect.
The torpor snail completely misses you. The yak gores you. x2
The yak gores you!
10036 ||| READING 2 scrolls of teleportation.
As you read the scroll of teleportation, it crumbles to dust.
You feel strangely unstable. The torpor snail bites you!
You die...

.... #...# .....
##..# ...% ##..##
#.%# ###.#..#
##.#.#####.##...###
#....%##.....P....##
#.....%..(.........#
##...%YYw.%.#....#.##
#.....Y@Y###%...#...#
##...##### ##..##..##
#..# #..#....# ....
###=.###.## ##...
#.....P#..# ...#...#
..###.....#.## ....#.
# .............##
##...#
#....##....#..P.###
##..#.##
#.#..#....###.....#


You could see a torpor snail, 3 yaks and a dream sheep.

Vanquished Creatures
  Harold (Lair:1)
  3 hydras
  A catoblepas (Lair:1)
  A two-headed ogre (D:9)
  A death yak (Lair:1)
  A pharaoh ant (Lair:3)
  A lindwurm (Lair:3)
  2 oklob plants (Lair:4)
  3 elephants (Lair:5)
  A cyclops (D:9)
  3 merfolk sirens (Lair:2)
  A torpor snail (D:9)
  8 cane toads
  3 black mambas
  7 komodo dragons
  4 rime drakes
  2 polar bears
  A merfolk (Lair:2)
  2 tarantellas (Lair:3)
  A hornet (Lair:2)
  A dream sheep (Lair:5)
  12 blink frogs
  30 yaks
  A wraith (D:9)
  A vampire (D:9)
  3 wyverns
  7 basilisks
  A redback (Lair:3)
  An acid dragon (D:9)
  6 water moccasins
  Duvessa (D:5)
  4 black bears
  8 ice beasts
  2 ogres
  A sky beast (D:7)
  18 wolves
  A phantom (D:4)
  14 bullfrogs
  2 scorpions
  Dowan (D:5)
  A vampire bat (D:3)
  2 howler monkeys
  A hound (D:5)
  2 gnoll boudas
  An orc priest (D:6)
  5 iguanas
  3 jellies
  Ijyb (D:5)
  3 sleepcaps
  3 orc wizards
  8 gnolls
  14 adders
  A river rat (D:5)
  3 ufetubi
  3 worms (D:2)
  A dart slug (D:1)
  3 fire bats (D:3)
  22 orcs
  2 spectral bats (D:3)
  24 ball pythons
  15 bats
  3 bat skeletons (D:3)
  A bat zombie (D:3)
  13 endoplasms
  11 giant cockroaches
  9 goblins
  8 hobgoblins
  4 jackals (D:4)
  18 kobolds
  8 quokkas
  A bat simulacrum (D:3)
  13 frilled lizards
  9 rats
378 creatures vanquished.

Notes
Turn   | Place    | Note
-------+----------+-------------------------------------------
     0 | D:1      | qw the Minotaur Hexslinger began the quest for the Orb.
     0 | D:1      | Reached XP level 1. HP: 16/16 MP: 1/1
     0 | D:1      | 0 ||| qw: Version: 0.3-a-32-g5962c71
     0 | D:1      | 0 ||| qw: Game counter: 7397
     0 | D:1      | 0 ||| qw: Melee chars always use a shield: true
     0 | D:1      | 0 ||| qw: God list: Okawaru
     0 | D:1      | 0 ||| qw: Allow faded altars: false
     0 | D:1      | 0 ||| qw: Do Orc after clearing Dungeon:15 true
     0 | D:1      | 0 ||| qw: Do second Lair branch before Depths: true
     0 | D:1      | 0 ||| qw: Lair rune preference: random
     0 | D:1      | 0 ||| qw: Goals: Normal
     0 | D:1      | 0 ||| PLANNING D:1-11
   168 | D:1      | Reached skill level 3 in Ranged Weapons
   192 | D:1      | Reached XP level 2. HP: 23/23 MP: 2/2
   342 | D:1      | Reached XP level 3. HP: 29/29 MP: 3/3
   427 | D:1      | Found a faded altar of an unknown god.
   949 | D:1      | 949 ||| UPGRADING to +0 leather armour.
   959 | D:1      | 959 ||| DROPPING +0 robe.
   960 | D:1      | 960 ||| UPGRADING to +0 ring mail.
   970 | D:1      | 970 ||| DROPPING +0 leather armour.
   971 | D:1      | 971 ||| UPGRADING to ring of willpower.
   972 | D:1      | 972 ||| READING scroll labelled ILAOKI JAUTTI.
   975 | D:1      | 975 ||| READING scroll labelled UBAMIL LYEMOF.
   976 | D:1      | 976 ||| DRINKING 2 viscous purple potions.
   977 | D:1      | 977 ||| DROPPING scroll of poison.
  1001 | D:2      | 1001 ||| STAIRDANCE
  1004 | D:1      | Reached skill level 4 in Ranged Weapons
  1042 | D:2      | Reached skill level 1 in Armour
  1207 | D:2      | Reached XP level 4. HP: 14/36 MP: 4/4
  1733 | D:2      | 1733 ||| UPGRADING to +0 pair of boots.
  1738 | D:2      | 1738 ||| UPGRADING to ring of positive energy.
  1739 | D:2      | 1739 ||| READING scroll labelled ABBADA JIPIY.
  1739 | D:2      | Identified a scroll of acquirement
  1739 | D:2      | 1739 ||| ACQUIRING +5 orcbow of draining
  1739 | D:2      | Acquired a +5 orcbow of draining
  1741 | D:2      | 1741 ||| SWAPPING to +5 orcbow of draining.
  1742 | D:2      | 1742 ||| DROPPING +1 sling.
  1743 | D:2      | 1743 ||| READING scroll labelled CATASEEPRI.
  1744 | D:2      | 1744 ||| DRINKING 2 clear potions.
  1745 | D:2      | 1745 ||| DROPPING potion of degeneration.
  1766 | D:3      | Identified the +1 chain mail of Restlessness {Stlth+}
  1797 | D:3      | Reached skill level 5 in Ranged Weapons
  1797 | D:3      | Reached XP level 5. HP: 41/41 MP: 5/5
  1896 | D:3      | Reached skill level 3 in Fighting
  2084 | D:3      | 2084 ||| UPGRADING to +6 ring of dexterity.
  2086 | D:3      | 2086 ||| UPGRADING to ring of willpower.
  2088 | D:3      | 2088 ||| READING scroll labelled UKHLEITZ OVAGUMN.
  2116 | D:3      | 2116 ||| DROPPING amulet of magic regeneration.
  2485 | D:4      | Reached skill level 6 in Ranged Weapons
  2485 | D:4      | Reached XP level 6. HP: 52/52 MP: 6/6
  2570 | D:4      | Found a shadowy altar of Dithmenos.
  2798 | D:4      | Reached skill level 7 in Ranged Weapons
  2926 | D:4      | Reached XP level 7. HP: 47/60 MP: 7/7
  2952 | D:4      | 2952 ||| FLEEEEING.
  2969 | D:4      | 2969 ||| UPGRADING to +2 hat.
  2974 | D:4      | 2974 ||| DRINKING 2 amethyst potions.
  2975 | D:4      | 2975 ||| DRINKING 2 green potions.
  2979 | D:4      | 2979 ||| DRINKING 2 brown potions.
  2980 | D:4      | 2980 ||| DROPPING potion of magic.
  2981 | D:4      | 2981 ||| DROPPING potion of brilliance.
  2983 | D:4      | Found a white marble altar of Elyvilon.
  3004 | D:4      | 3004 ||| DRINKING 2 coppery potions.
  3005 | D:4      | 3005 ||| DROPPING potion of invisibility.
  3085 | D:4      | Reached skill level 3 in Dodging
  3243 | D:4      | 3243 ||| Stepping ~*~*~tactically~*~*~ (outnumbered).
  3245 | D:4      | 3245 ||| Stepping ~*~*~tactically~*~*~ (outnumbered).
  3248 | D:4      | 3248 ||| Stepping ~*~*~tactically~*~*~ (outnumbered).
  3399 | D:4      | Reached skill level 8 in Ranged Weapons
  3459 | D:4      | 3459 ||| UPGRADING to ring of see invisible.
  3461 | D:4      | 3461 ||| READING 2 scrolls labelled ITENTOST COALO.
  3490 | D:5      | Entered Level 5 of the Dungeon
  3491 | D:5      | 3491 ||| PLANNING SEWER
  3507 | D:5      | Found a broken altar of Ashenzari.
  3629 | D:5      | Reached XP level 8. HP: 68/68 MP: 8/8
  3702 | D:5      | Found a glowing drain.
  3719 | Sewer    | Entered a sewer
  3730 | Sewer    | 3730 ||| Stepping ~*~*~tactically~*~*~ (water).
  3739 | Sewer    | 3739 ||| Stepping ~*~*~tactically~*~*~ (water).
  3747 | Sewer    | 3747 ||| Stepping ~*~*~tactically~*~*~ (water).
  3749 | Sewer    | 3749 ||| Stepping ~*~*~tactically~*~*~ (water).
  3759 | Sewer    | 3759 ||| Stepping ~*~*~tactically~*~*~ (water).
  3763 | Sewer    | 3763 ||| Stepping ~*~*~tactically~*~*~ (water).
  3773 | Sewer    | 3773 ||| Stepping ~*~*~tactically~*~*~ (water).
  3782 | Sewer    | 3782 ||| Stepping ~*~*~tactically~*~*~ (water).
  3829 | Sewer    | 3829 ||| Stepping ~*~*~tactically~*~*~ (water).
  3845 | Sewer    | 3845 ||| Stepping ~*~*~tactically~*~*~ (water).
  3857 | Sewer    | 3857 ||| Stepping ~*~*~tactically~*~*~ (water).
  3903 | Sewer    | 3903 ||| Stepping ~*~*~tactically~*~*~ (water).
  3909 | Sewer    | 3909 ||| Stepping ~*~*~tactically~*~*~ (water).
  3946 | Sewer    | Reached skill level 9 in Ranged Weapons
  3947 | Sewer    | 3947 ||| Stepping ~*~*~tactically~*~*~ (water).
  3964 | Sewer    | Reached skill level 6 in Fighting
  3983 | Sewer    | 3983 ||| READING scroll labelled TES LAIMISA.
  3998 | D:5      | 3998 ||| PLANNING D:1-11
  4017 | D:5      | Noticed Ijyb
  4020 | D:5      | Killed Ijyb
  4082 | D:5      | Found a bloodstained altar of Trog.
  4225 | D:5      | 4225 ||| DRINKING potion of curing.
  4225 | D:5      | 4225 ||| (to cure confusion)
  4518 | D:5      | Found a runed translucent door.
  4519 | D:5      | Noticed Crazy Yiuf
  4522 | D:5      | 4522 ||| READING scroll labelled GUJIVE RIAN.
  4578 | D:6      | Noticed Duvessa
  4578 | D:6      | Noticed Dowan
  4582 | D:6      | 4582 ||| STAIRDANCE
  4591 | D:5      | Killed Duvessa
  4592 | D:5      | Reached skill level 10 in Ranged Weapons
  4595 | D:5      | Killed Dowan
  4926 | D:6      | Found a sparkling altar of Nemelex Xobeh.
  4931 | D:6      | Reached XP level 9. HP: 79/79 MP: 9/9
  4962 | D:6      | Identified the +0 cloak of Xorueho {rN+ Int-2 SInv Stlth+}
  5041 | D:6      | 5041 ||| Stepping ~*~*~tactically~*~*~ (outnumbered).
  5108 | D:6      | You fall into a shaft and drop 3 floors!
  5124 | D:9      | Noticed a rime drake
  5128 | D:9      | Reached skill level 11 in Ranged Weapons
  5133 | D:9      | Reached skill level 3 in Armour
  5134 | D:9      | Killed a rime drake
  5144 | D:9      | Reached skill level 12 in Ranged Weapons
  5300 | D:9      | Found a staircase to the Lair.
  5318 | D:9      | Noticed a cyclops
  5329 | D:9      | Killed a cyclops
  5330 | D:9      | Reached skill level 6 in Dodging
  5353 | D:9      | Noticed a two-headed ogre
  5357 | D:9      | Reached XP level 10. HP: 77/88 MP: 10/10
  5363 | D:9      | Killed a two-headed ogre
  5368 | D:9      | Reached skill level 13 in Ranged Weapons
  5407 | D:9      | 5407 ||| UPGRADING to +0 cloak of Xorueho {rN+ Int-2 SInv
                  | Stlth+}.
  5412 | D:9      | 5412 ||| REMOVING ring of see invisible.
  5413 | D:9      | 5413 ||| UPGRADING to ring of willpower.
  5414 | D:9      | 5414 ||| READING 3 scrolls of identify.
  5414 | D:9      | 5414 ||| IDENTIFYING murky puce potion
  5415 | D:9      | 5415 ||| READING 2 scrolls of identify.
  5415 | D:9      | 5415 ||| IDENTIFYING silvery potion
  5416 | D:9      | 5416 ||| DROPPING potion of attraction.
  5654 | D:8      | Found a burning altar of Makhleb.
  5704 | D:8      | Reached skill level 9 in Fighting
  5711 | D:8      | 5711 ||| DROPPING ring of positive energy.
  5881 | D:7      | Found a staircase to the Ecumenical Temple.
  5882 | D:7      | 5882 ||| PLANNING TEMPLE
  5882 | D:7      | 5882 ||| DRINKING 2 inky potions.
  5914 | D:7      | 5914 ||| DROPPING potion of lignification.
  5927 | Temple   | Entered the Ecumenical Temple
  5966 | Temple   | 5966 ||| PLANNING OKAWARU WORSHIP
  6028 | Temple   | Became a worshipper of Warmaster Okawaru
  6029 | Temple   | 6029 ||| PLANNING LAIR
  6149 | Lair:1   | Entered Level 1 of the Lair of Beasts
  6149 | Lair:1   | Noticed a torpor snail
  6152 | Lair:1   | 6152 ||| STAIRDANCE
  6156 | Lair:1   | 6156 ||| STAIRDANCE
  6162 | Lair:1   | 6162 ||| STAIRDANCE
  6170 | D:9      | Killed a torpor snail
  6173 | Lair:1   | Noticed a death yak
  6187 | Lair:1   | Killed a death yak
  6187 | Lair:1   | Reached * piety under Okawaru
  6188 | Lair:1   | Reached skill level 14 in Ranged Weapons
  6322 | Lair:1   | 6322 ||| READING scroll of enchant weapon.
  6322 | Lair:1   | 6322 ||| ENCHANTING +6 orcbow of draining.
  6325 | Lair:1   | Noticed a black mamba
  6326 | Lair:1   | 6326 ||| INVOKING Heroism.
  6331 | Lair:1   | Killed a black mamba
  6354 | Lair:1   | Reached skill level 1 in Invocations
  6372 | Lair:1   | 6372 ||| INVOKING Heroism.
  6376 | Lair:1   | Noticed a catoblepas
  6379 | Lair:1   | 6379 ||| Stepping ~*~*~tactically~*~*~ (cloud).
  6380 | Lair:1   | 6380 ||| Stepping ~*~*~tactically~*~*~ (cloud).
  6385 | Lair:1   | Reached XP level 11. HP: 97/97 MP: 9/11
  6386 | Lair:1   | 6386 ||| Stepping ~*~*~tactically~*~*~ (cloud).
  6388 | Lair:1   | 6388 ||| INVOKING Heroism.
  6390 | Lair:1   | 6390 ||| Stepping ~*~*~tactically~*~*~ (cloud).
  6391 | Lair:1   | 6391 ||| Stepping ~*~*~tactically~*~*~ (cloud).
  6392 | Lair:1   | Killed a catoblepas
  6393 | Lair:1   | Reached skill level 3 in Invocations
  6423 | Lair:1   | Reached ** piety under Okawaru
  6478 | Lair:1   | Found a frozen archway.
  6581 | Lair:1   | 6581 ||| INVOKING Heroism.
  6635 | Lair:1   | 6635 ||| INVOKING Heroism.
  6647 | Lair:1   | Noticed Harold
  6655 | Lair:1   | Killed Harold
  6847 | Lair:1   | 6847 ||| INVOKING Heroism.
  6851 | Lair:1   | Reached skill level 15 in Ranged Weapons
  6934 | Lair:1   | 6934 ||| DRINKING 2 cyan potions.
  6962 | Lair:2   | 6962 ||| Stepping ~*~*~tactically~*~*~ (outnumbered).
  6982 | Lair:2   | Reached *** piety under Okawaru
  6988 | Lair:2   | Found a staircase to the Shoals.
  7103 | Lair:2   | 7103 ||| INVOKING Heroism.
  7118 | Lair:2   | 7118 ||| INVOKING Heroism.
  7164 | Lair:2   | Identified the +10 trident of Liguri Gaqi {vamp, rN+}
  7168 | Lair:2   | 7168 ||| INVOKING Heroism.
  7199 | Lair:2   | Reached skill level 16 in Ranged Weapons
  7233 | Lair:2   | 7233 ||| INVOKING Heroism.
  7249 | Lair:2   | Reached **** piety under Okawaru
  7263 | Lair:2   | Reached XP level 12. HP: 92/108 MP: 14/14
  7875 | Lair:2   | 7875 ||| READING scroll labelled AGAPSEZ WYTEE.
  7976 | Lair:2   | 7976 ||| READING scroll labelled GUINNI CEULON.
  7977 | Lair:2   | 7977 ||| READING 3 scrolls of identify.
  7977 | Lair:2   | 7977 ||| IDENTIFYING black potion
  7978 | Lair:2   | 7978 ||| READING 2 scrolls of identify.
  7978 | Lair:2   | 7978 ||| IDENTIFYING lumpy silvery potion
  7979 | Lair:2   | 7979 ||| DROPPING potion of ambrosia.
  8069 | Lair:3   | Noticed a seven-headed hydra
  8070 | Lair:3   | 8070 ||| INVOKING Heroism.
  8076 | Lair:3   | Killed a seven-headed hydra
  8137 | Lair:3   | 8137 ||| INVOKING Heroism.
  8189 | Lair:3   | 8189 ||| INVOKING Heroism.
  8353 | Lair:3   | 8353 ||| INVOKING Heroism.
  8390 | Lair:3   | 8390 ||| INVOKING Heroism.
  8441 | Lair:3   | Noticed a five-headed hydra
  8442 | Lair:3   | 8442 ||| INVOKING Heroism.
  8446 | Lair:3   | Killed a five-headed hydra
  8447 | Lair:3   | Reached skill level 9 in Dodging
  8458 | Lair:3   | Identified the +0 buckler of Depression {Harm rF+ Dex-4}
  8563 | Lair:3   | 8563 ||| INVOKING Heroism.
  8567 | Lair:3   | Reached skill level 6 in Armour
  8584 | Lair:3   | Found a hole to the Spider Nest.
  8831 | Lair:4   | Reached skill level 6 in Invocations
  8869 | Lair:4   | Noticed a six-headed hydra
  8870 | Lair:4   | 8870 ||| INVOKING Heroism.
  8876 | Lair:4   | Killed a six-headed hydra
  8877 | Lair:4   | Reached skill level 12 in Fighting
  8913 | Lair:4   | Found a staircase to the Slime Pits.
  8914 | Lair:4   | 8914 ||| INVOKING Heroism.
  8929 | Lair:4   | Found a viscous altar of Jiyva.
  9067 | Lair:4   | 9067 ||| READING scroll of enchant armour.
  9067 | Lair:4   | 9067 ||| ENCHANTING +0 pair of boots.
  9243 | Lair:4   | Reached ***** piety under Okawaru
  9337 | Lair:4   | 9337 ||| INVOKING Heroism.
  9388 | Lair:4   | 9388 ||| INVOKING Heroism.
  9502 | Lair:4   | 9502 ||| READING 7 scrolls of identify.
  9502 | Lair:4   | 9502 ||| IDENTIFYING fuming dark potion
  9524 | Lair:5   | Entered Level 5 of the Lair of Beasts
  9525 | Lair:5   | 9525 ||| INVOKING Heroism.
  9706 | Lair:5   | 9706 ||| INVOKING Heroism.
  9717 | Lair:5   | HP: 28/113 [poisoned by a black mamba]
  9718 | Lair:5   | 9718 ||| READING 3 scrolls of teleportation.
  9719 | Lair:5   | 9719 ||| DRINKING potion of heal wounds.
  9924 | Lair:5   | 9924 ||| INVOKING Heroism.
  9932 | Lair:5   | Reached XP level 13. HP: 119/119 MP: 14/17
  9944 | Lair:5   | 9944 ||| INVOKING Heroism.
  9992 | Lair:5   | 9992 ||| INVOKING Heroism.
 10034 | Lair:5   | 10034 ||| INVOKING Heroism.
 10035 | Lair:5   | HP: 20/122 [yak (13)]
 10035 | Lair:5   | HP: 7/122 [yak (8)]
 10036 | Lair:5   | 10036 ||| READING 2 scrolls of teleportation.
 10036 | Lair:5   | Slain by a torpor snail

Levels and vault maps discovered:
D:1:      nicolae_arrival_memento_mori, layout_basic,
          dreamdust_ecumenical_altar_drowned_temple
D:2:      layout_basic, lexackson_kobold_supper
D:3:      minmay_inner_zag, layout_basic, amcnicky_mini_corridor_feature,
          goddamned_bats
D:4:      layout_loops_corners, grunt_dithmenos_smoke, amcnicky_altar_gilded
D:5:      layout_loops_ring, trog_butcher_becter, cheibrodos_ashenzari_chains,
          portal_sewer_entry_a, hex_large, uniq_ijyb, uniq_crazy_yiuf_cottage
D:6:      layout_gridville, mainiacjoe_overflow_brackets,
          nicolae_specific_store, uniq_duvessa
D:7:      layout_basic, mainiacjoe_overflow_small_starburst,
          minmay_temple_entry_offerings, minmay_three_doors
D:8:      layout_loops_corners, nicolae_hepliaklqana_hazy_memory,
          mainiacjoe_overflow_paths, serial_aquarium, aquarium_bridge_square
          [aquarium_subvault_bridge, aquarium_subvault_wall,
          aquarium_subvault_bridge, aquarium_subvault_wall],
          aquarium_bridge_square [aquarium_subvault_window,
          aquarium_subvault_wall, aquarium_subvault_bridge,
          aquarium_subvault_window], aquarium_window_1, aquarium_window_2,
          aquarium_view_2a, aquarium_view_2c, aquarium_pool_corner,
          chequers_serial_rivers_micro_e, chequers_mini_garden
D:9:      layout_basic, hellmonk_lair_entry_icy, minmay_door_square
Temple:   compressed_dpeg_circular_temple
Lair:1:   layout_cave_shapes, portal_ice_cave_entry_pillars_1, uniq_harold
Lair:2:   layout_cave_pods, elwin_shoals_entry_stream, patterned_corridor
Lair:3:   layout_loops_ring, nicolae_spider_entry_lesser_pyramids
Lair:4:   layout_misc_corridors, minmay_slime_entry_oklob_open,
          kennysheep_basilisk_garden
Lair:5:   minmay_lair_end_enchanted_forest, layout_loops_ring,
          lemuel_old_faithful, infiniplex_staircase_pool

Skill      XL: |  1  2  3  4  5  6  7  8  9 10 11 12 13 |
---------------+----------------------------------------+-----
Ranged Weapons | 3 4 5 6 7 8 10 12 14 16 | 16.0
Fighting       | 2 3 4 5 7 8 9 10 12 13 | 13.0
Armour         | 1 2 3 4 5 6 |  6.8
Dodging        | 3 4 6 7 8 10 | 10.0
Invocations    | 2 4 7 8 |  8.7
Spellcasting   | |  1.0
Hexes          | |  2.0

Action                     |  1- 3 |  4- 6 |  7- 9 | 10-12 | 13-15 || total
---------------------------+-------+-------+-------+-------+-------++-------
   Fire: Sling             |   114 |    41 |       |       |       ||   155
         Orcbow            |       |   113 |   264 |   465 |    67 ||   909
 Invoke: Heroism           |       |       |       |    24 |     3 ||    27
    Use: Scroll            |     2 |     3 |     3 |    10 |     1 ||    19
         Potion            |     1 |     1 |     5 |     3 |       ||    10
 Armour: Robe              |     5 |       |       |       |       ||     5
         Ring mail         |    11 |    47 |    29 |    22 |    19 ||   128
  Dodge: Dodged            |    19 |    65 |    58 |    92 |    90 ||   324

Table legend:
 A = Non-vault XP
 B = Vault XP
 C = Vault XP percentage of total XP
 D = Non-vault monster count
 E = Vault monster count
 F = Vault count percentage of total count
                 A         B        C        D         E       F
            +---------+---------+-------+---------+---------+-------
      Total |   34628 |    8531 |  19.8 |     268 |     110 |  29.1
            +---------+---------+-------+---------+---------+-------
        D:1 |      68 |       0 |   0.0 |      24 |       0 |   0.0
        D:2 |      50 |       9 |  15.3 |      26 |       8 |  23.5
        D:3 |      41 |     194 |  82.6 |      17 |      23 |  57.5
        D:4 |     774 |       0 |   0.0 |      36 |       0 |   0.0
        D:5 |     728 |     288 |  28.3 |      20 |      12 |  37.5
        D:6 |     578 |       0 |   0.0 |      17 |       0 |   0.0
        D:7 |     334 |       0 |   0.0 |       7 |       0 |   0.0
        D:8 |    1059 |       0 |   0.0 |       6 |       0 |   0.0
        D:9 |    2575 |    1627 |  38.7 |       8 |      11 |  57.9
     Lair:1 |    6466 |     876 |  11.9 |      27 |       1 |   3.6
     Lair:2 |    4962 |    1614 |  24.5 |      24 |       4 |  14.3
     Lair:3 |    4103 |    1508 |  26.9 |      10 |       4 |  28.6
     Lair:4 |    5232 |    2112 |  28.8 |      16 |       7 |  30.4
     Lair:5 |    7658 |       0 |   0.0 |      30 |       0 |   0.0
      Sewer |       0 |     303 | 100.0 |       0 |      40 | 100.0
            +---------+---------+-------+---------+---------+-------
